 Dungeon Crawl Stone Soup version 0.28.0-45-g0d030f2227 (webtiles) character file.

Game seed: 17281455635759913946

1621 McKennaii the Skirmisher (level 8, -11/70 HPs)
             Began as a Demigod Fighter on Apr 18, 2022.
             Mangled by an ogre
             ... wielding a +0 giant club
              (15 damage)
             ... on level 7 of the Dungeon.
             The game lasted 00:07:01 (7731 turns).

McKennaii the Skirmisher (Demigod Fighter)          Turns: 7731, Time: 00:07:02

Health: -11/70     AC: 11    Str: 25    XL:     8   Next: 38%
Magic:  10/10      EV:  9    Int: 10    God:
Gold:   322        SH:  7    Dex: 13    Spells: 6/7 levels left

rFire   . . .      SeeInvis .   a - +0 trident
rCold   . . .      Faith    .   A - +2 buckler
rNeg    . . .      Spirit   .   b - +0 scale mail
rPois   .          Reflect  .   r - +0 helmet
rElec   .          Harm     .   k - +0 cloak
rCorr   +          Rampage  .   (no gloves)
Will    .....                   u - +0 pair of boots
Stlth   ..........              (no amulet)
HPRegen 0.21/turn               p - ring of resist corrosion
MPRegen 0.12/turn               x - ring of flight

@: flying
A: high MP 1, forlorn, divine attributes
a: no special abilities


You were on level 7 of the Dungeon.
You visited 2 branches of the dungeon, and saw 8 of its levels.
You also visited: Sewer.

You collected 322 gold pieces.

Inventory:

Hand Weapons
 a - a +0 trident (weapon)
Armour
 b - a +0 scale mail (worn)
 k - a +0 cloak (worn)
 r - a +0 helmet (worn)
 u - a +0 pair of boots (worn)
 A - a +2 buckler (worn)
Jewellery
 p - a ring of resist corrosion (left hand)
 x - a ring of flight (right hand)
Wands
 q - a wand of polymorph (9)
 t - a wand of charming (17)
Scrolls
 c - 2 scrolls of immolation {unknown}
 e - 3 scrolls of identify {unknown}
 g - 2 scrolls of blinking {unknown}
 j - 2 scrolls of magic mapping {unknown}
 m - 3 scrolls of torment {unknown}
 s - a scroll of enchant armour {unknown}
 v - a scroll of vulnerability {unknown}
 w - a scroll of amnesia {unknown}
 y - 3 scrolls of fog {unknown}
 B - 4 scrolls of teleportation {unknown}
 G - 2 scrolls of enchant weapon {unknown}
 H - a scroll of noise {unknown}
Potions
 d - 3 potions of might
 f - a potion of flight {unknown}
 h - 2 potions of haste {unknown}
 i - 2 potions of curing {unknown}
 l - a potion of invisibility {unknown}
 n - a potion of attraction {unknown}
 o - a potion of resistance {unknown}
 z - a potion of magic {unknown}
 C - a potion of cancellation {unknown}
 D - 2 potions of mutation {unknown}
 E - 2 potions of berserk rage
 F - 2 potions of degeneration {unknown}


   Skills:
 + Level 5.6 Fighting
 + Level 5.2 Polearms
 + Level 5.6 Armour
 - Level 4.0 Shields
 * Level 4.0 Summonings


You had 6 spell levels left.
You knew the following spells:

 Your Spells              Type           Power      Damage    Failure   Level
a - Summon Small Mammal   Summ           32%        N/A       22%         1

Your spell library contained the following spells:

 Spells                   Type           Power      Damage    Failure   Level
 Animate Skeleton         Necr           0%         N/A       73%         1
 Apportation              Tloc           0%         N/A       73%         1
 Foxfire                  Conj/Fire      0%         2x1d4     73%         1
 Pain                     Necr           0%         1d4       73%         1
 Conjure Flame            Conj/Fire      0%         6-21      97%         3
 Dazzling Flash           Conj/Hex       0%         N/A       97%         3
 Inner Flame              Hex/Fire       0%         N/A       97%         3
 Flame Wave               Conj/Fire      0%         2d4       100%        4
 Iskenderun's Mystic Bla  Conj/Tloc      0%         2d3       100%        4
 Agony                    Necr           0%         N/A       100%        5
 Excruciating Wounds      Necr           0%         N/A       100%        5
 Starburst                Conj/Fire      0%         6d3       100%        6


Dungeon Overview and Level Annotations

Branches:
Dungeon (7/15)             Temple (1/1) D:5           Sewer (visited)

Shops:
D:6 (


Innate Abilities, Weirdness & Mutations

You have an increased reservoir of magic. (+10% MP)
You shall have no god before yourself.
Your divine heritage dramatically boosts your attributes as you level up.


Message History

You closely miss the orc. The orc hits you with a +0 hand axe.
You puncture the orc!
You kill the orc!
No target in view!
No target in view!
There is a large open door here.
HP restored.
There is a large open door here.
There is a stone staircase leading down here.
You fly downwards.
There is a stone staircase leading up here.
You hit the ogre.
The ogre is lightly wounded.
The ogre hits you with a +0 giant club!!
You barely miss the ogre.
The ogre is lightly wounded.
The ogre barely misses you.
You hit the ogre.
The ogre is moderately wounded.
The ogre closely misses you.
You hit the ogre but do no damage.
The ogre is moderately wounded.
You block the ogre's attack.
You barely miss the ogre.
The ogre is moderately wounded.
You barely miss the ogre.
The ogre is moderately wounded.
The ogre hits you with a +0 giant club!!
You are too injured to fight recklessly!
You puncture the ogre!
The ogre is almost dead.
The ogre barely misses you.
You hit the ogre.
The ogre is almost dead.
The ogre hits you with a +0 giant club!!
* * * LOW HITPOINT WARNING * * *
You barely miss the ogre.
The ogre is almost dead.
The ogre hits you with a +0 giant club!
You die...

...## . #...# ..
...# ... #..##
.... ##...# .....
#....#......
#...<.......
##.#.#.#.#.#..#
#.....@......#
....#.#O#.#.###
#.. #.........#
##...##.#.#.#.##
#......<........
......#.#.#.#.#.#
..##........ ....
####.#.#.# #.
##... ..


You could see an ogre.

Vanquished Creatures
  Pargi (Sewer)
  2 black bears
  2 sky beasts (D:6)
  An ogre (D:4)
  A necrophage (D:3)
  2 phantoms
  3 scorpions
  3 wights
  2 bullfrog zombies (D:5)
  A centaur zombie (D:5)
  2 hounds (D:5)
  Jessica (D:3)
  An iguana (D:5)
  2 orc wizards
  A hound zombie (D:5)
  A hound skeleton (D:4)
  Robin (D:3)
  4 gnolls
  7 adders
  A shadow imp (D:6)
  2 ufetubi
  A worm (D:6)
  3 dart slugs
  14 orcs
  10 bats
  2 endoplasms
  5 giant cockroaches
  14 goblins
  12 hobgoblins
  A quokka (D:1)
  10 ball pythons
  4 frilled lizards
  9 kobolds
  6 rats
132 creatures vanquished.

Vanquished Creatures (others)
  34 plants
34 creatures vanquished.

Grand Total: 166 creatures vanquished

Notes
Turn   | Place    | Note
-------+----------+-------------------------------------------
     0 | D:1      | McKennaii the Demigod Fighter began the quest for the Orb.
     0 | D:1      | Reached XP level 1. HP: 18/18 MP: 3/3
     2 | D:1      | You fall into a shaft and drop 1 floor!
   169 | D:2      | Reached XP level 2. HP: 15/25 MP: 4/4
   785 | D:1      | Reached XP level 3. HP: 31/31 MP: 5/5
  2371 | D:3      | Reached XP level 4. HP: 35/38 MP: 6/6
  2667 | D:3      | Noticed Jessica
  2670 | D:3      | Killed Jessica
  2958 | D:3      | Noticed Robin
  3137 | D:3      | Reached XP level 5. HP: 38/46 MP: 7/7
  3146 | D:3      | Killed Robin
  3355 | D:4      | Noticed an ogre
  3381 | D:4      | Noticed a necrophage
  3403 | D:3      | Killed a necrophage
  3535 | D:4      | Reached XP level 6. HP: 40/52 MP: 8/8
  4534 | D:5      | Entered Level 5 of the Dungeon
  4690 | D:5      | Found a staircase to the Ecumenical Temple.
  4710 | D:5      | Reached XP level 7. HP: 60/60 MP: 9/9
  4720 | D:5      | Learned a level 1 spell: Summon Small Mammal
  5264 | D:5      | Reached skill level 1 in Summonings
  5404 | D:5      | Reached skill level 5 in Fighting
  5623 | D:6      | Found a glowing drain.
  5663 | D:6      | Reached skill level 5 in Armour
  5801 | Sewer    | Entered a sewer
  5891 | Sewer    | Noticed Pargi
  5913 | Sewer    | Killed Pargi
  6129 | D:6      | Reached XP level 8. HP: 56/68 MP: 10/10
  6317 | D:6      | Found Icekudar's Weapon Shop.
  7016 | Temple   | Entered the Ecumenical Temple
  7024 | Temple   | Reached skill level 5 in Polearms
  7731 | D:7      | Mangled by an ogre

Illustrated notes

Levels and vault maps discovered:
D:1:      amcnicky_arrival_feature_with_door, layout_loops_ring,
          minmay_splitting_lines, amcnicky_mini_pool_small,
          nicolae_grassy_gnolls
D:2:      layout_basic, basic_altar, shapermc_ecumenical_altar_mp_vishouse,
          serial_bayou, serial_bayou_lagoon_a, serial_bayou_crossing,
          serial_bayou_lagoon_b, serial_bayou_ford_a,
          hangedman_abyss_or_decor_lesser_grid
D:3:      layout_loops_ring, lemuel_crystal_altar, uniq_robin, uniq_jessica
D:4:      layout_rooms, mainiacjoe_overflow_boulevard, zin_treasury,
          nicolae_zen_rock_garden
D:5:      black_bear_nest_1, layout_loops_ring, mainiacjoe_overflow_alcove_4,
          old_standard_altar, minmay_temple_entry_from_below_a,
          grunt_decor_one_mirror
D:6:      layout_rooms, cheibrodos_sewer_entry_drain, serial_corexii_hall,
          corexii_hall_statues_deadend, corexii_hall_statues_l,
          corexii_hall_statues_deadend, corexii_hall_statues_u,
          corexii_hall_statues_t, chequers_hall_statues_y, serial_shops,
          nicolae_shop_bloodbath_and_beyond, grunt_ministairs_3,
          kennysheep_generic_room_12
D:7:      layout_layer_cave, minitemple, hangedman_decor_slide_cut, st_stairs_9,
          minmay_misc_feat_doors
Temple:   zaba_magenta_temple

Skill      XL: |  1  2  3  4  5  6  7  8 |
---------------+-------------------------+-----
Polearms       | 2 3 4 5 |  5.2
Fighting       | 3 4 5 |  5.6
Armour         | 3 4 5 |  5.6
Shields        | 3 4 |  4.0
Summonings     | 2 4 |  4.0

Action                   |  1- 3 |  4- 6 |  7- 9 || total
-------------------------+-------+-------+-------++-------
Melee: Trident           |   227 |   164 |   241 ||   632
       Unarmed           |       |     4 |       ||     4
Armor: Scale mail        |    83 |    51 |   121 ||   255
Dodge: Dodged            |    82 |    47 |   111 ||   240
Block: Buckler           |    46 |    26 |    78 ||   150
